 Dungeon Crawl Stone Soup version 0.28.0 (webtiles) character file.

Game seed: 10910100561375867324

7 RepoMan the Skirmisher (level 1, 0/18 HPs)
             Began as a Mummy Cinder Acolyte on Feb 16, 2022.
             Slain by a frilled lizard (2 damage)
             ... on level 2 of the Dungeon.
             The game lasted 00:01:58 (240 turns).

RepoMan the Skirmisher (Mummy Cinder Acolyte)        Turns: 240, Time: 00:01:59

Health: 0/18       AC:  2    Str: 17    XL:     1   Next: 91%
Magic:  3/3        EV: 11    Int: 13    God:
Gold:   12         SH:  0    Dex:  7    Spells: 3/3 levels left

rFire   x . .      SeeInvis .   a - -1 falchion (flame)
rCold   + . .      Faith    .   (no shield)
rNeg    + + +      Spirit   .   b - +0 robe
rPois   ∞          Reflect  .   (no helmet)
rElec   .          Harm     .   (no cloak)
rCorr   .          Rampage  .   (no gloves)
Will    .....                   (no boots)
Stlth   +.........              (no amulet)
HPRegen 0.06/turn               (no ring)
MPRegen 0.08/turn               (no ring)

@: no status effects
A: cold resistance 1, negative energy resistance 3, torment resistance 2, heat
vulnerability 1, no potions
a: no special abilities


You were on level 2 of the Dungeon.
You visited 1 branch of the dungeon, and saw 2 of its levels.

You collected 12 gold pieces.

Inventory:

Hand Weapons
 a - a -1 falchion of flaming (weapon)
Armour
 b - a +0 robe (worn)


   Skills:
 + Level 3.1 Fighting
 * Level 2.6 Long Blades
 + Level 1.7 Spellcasting
 - Level 2.4 Fire Magic


You had 3 spell levels left.
You didn't know any spells.
Your spell library contained the following spells:

 Spells                   Type           Power      Damage    Failure   Level
 Scorch                   Fire           14%        2d6       14%         2


Dungeon Overview and Level Annotations

Branches:
Dungeon (2/15)

Altars:


Innate Abilities, Weirdness & Mutations

You are immune to poison.
Your flesh is cold resistant. (rC+)
You are immune to negative energy. (rN+++)
You are immune to unholy pain and torment.
You are vulnerable to heat. (rF-)
You do not drink.


Message History

You barely miss the frilled lizard. The frilled lizard closely misses you.
You miss the frilled lizard. The frilled lizard bites you.
The frilled lizard completely misses you.
You miss the frilled lizard.
The frilled lizard bites you but does no damage.
You completely miss the frilled lizard. The frilled lizard bites you.
You closely miss the frilled lizard. The frilled lizard barely misses you.
You miss the frilled lizard. The frilled lizard closely misses you.
You barely miss the frilled lizard. The frilled lizard closely misses you.
The frilled lizard bites you.
You barely miss the frilled lizard. The frilled lizard bites you.
The dart slug launches a dart at you. The slug dart misses you.
You see here 8 stones.
The dart slug launches a dart at you. The slug dart hits you.
* * * LOW HITPOINT WARNING * * *
The frilled lizard unfolds its giant frill.
Found an escape hatch in the floor.
A dart slug comes into view.
The dart slug launches a dart at you. The slug dart misses you.
A hobgoblin comes into view.
The hobgoblin shouts!
The dart slug launches a dart at you. The slug dart misses you.
The dart slug launches a dart at you. The slug dart hits you.
* * * LOW HITPOINT WARNING * * *
There is a stone staircase leading down here.
The frilled lizard bites you but does no damage.
You climb downwards.
The frilled lizard hisses angrily.
Found a stone staircase leading up.
There is a stone staircase leading up here.
You hit the frilled lizard but do no damage.
The frilled lizard bites you but does no damage.
You miss the frilled lizard. The frilled lizard barely misses you.
You completely miss the frilled lizard. The frilled lizard bites you.
You die...

#..#
.#
###l##
#
#...#
##.###
#..#
#l##
#.#
#l#
#@#
#...#
#.###
...
##. ##


You could see 2 frilled lizards.

Vanquished Creatures
  A ball python (D:1)
  3 goblins (D:1)
  A hobgoblin (D:1)
  A rat (D:1)
6 creatures vanquished.

Notes
Turn   | Place    | Note
-------+----------+-------------------------------------------
     0 | D:1      | RepoMan the Mummy Cinder Acolyte began the quest for the
                  | Orb.
     0 | D:1      | Reached XP level 1. HP: 18/18 MP: 2/2
     0 | D:1      | Fell from the grace of Ignis
   240 | D:2      | Slain by a frilled lizard

Illustrated notes

Levels and vault maps discovered:
D:1:      dpeg_arrival_arbitrary_c, layout_rooms,
          dreamdust_ecumenical_altar_statues, nicolae_grassy_gnolls
D:2:      layout_rooms

Action                   || total
-------------------------++-------
Melee: Falchion          ||    32
Invok: Renounce Religion ||     1
Armor: Robe              ||     6
Dodge: Dodged            ||    18
